 Dungeon Crawl Stone Soup version 0.20-a0-1006-ge6c5631 (webtiles) character file.

27 Patate the Sneak (level 2, -4/13 HPs)
             Began as a Spriggan Enchanter on Apr 14, 2017.
             Killed by nerve-wracking pain
             ... invoked by Jessica
              (6 damage)
             ... on level 2 of the Dungeon.
             The game lasted 00:04:59 (1870 turns).

Patate the Sneak (Spriggan Enchanter)               Turns: 1870, Time: 00:05:01

Health: -4/13      AC:  2    Str:  4    XL:     2   Next: 93%
Magic:  4/6        EV: 18    Int: 16    God:
Gold:   26         SH:  0    Dex: 16    Spells: 3/6 levels left

rFire    . . .     SeeInvis +   a - +1 dagger
rCold    . . .     Gourm    .   (shield restricted)
rNeg     . . .     Faith    .   b - +0 robe
rPois    .         Spirit   .   (helmet restricted)
rElec    .         Reflect  .   (no cloak)
rCorr    .         Harm     .   (gloves unavailable)
MR       .....                  (boots unavailable)
Stlth    +++.......             (no amulet)
Regen    0.1/turn               (no ring)
MPRegen  0.1/turn               (no ring)

@: lethally poisoned (-4 -> -28), very quick
A: unfitting armour, see invisible, herbivore 3, speed 3, slow metabolism 2
a: no special abilities


You were on level 2 of the Dungeon.
You were not hungry.

You visited 1 branch of the dungeon, and saw 2 of its levels.

You collected 26 gold pieces.

Inventory:

Hand Weapons
 a - a +1 dagger (weapon)
Armour
 b - a +0 robe (worn)
Scrolls
 f - a scroll of enchant armour {unknown}
 g - a scroll of teleportation {unknown}
 i - 2 scrolls of identify {unknown}
 k - a scroll of immolation {unknown}
Potions
 e - a potion of magic {unknown}
 h - a potion of degeneration {unknown}
 j - 2 potions of brilliance {unknown}
 m - 2 potions of lignification {unknown}
Books
 c - a book of Maledictions

   Spells                             Type                      Level
   a - Corona                         Hexes                        1
   b - Ensorcelled Hibernation        Hexes/Ice                    2
   c - Confuse                        Hexes                        3
   d - Tukima's Dance                 Hexes                        3
   e - Dazzling Spray                 Conjuration/Hexes            3
 n - Sif Muna's Handbook of Transmutation
   (You found it on level 2 of the Dungeon)

   Spells                             Type                      Level
   a - Beastly Appendage              Transmutation                1
Comestibles
 d - 2 bread rations
 l - 3 fruits


   Skills:
 - Level 1.1 Short Blades
 - Level 3.0 Dodging
 * Level 6.3 Stealth
 - Level 2.6 Spellcasting
 - Level 3.6 Hexes


You had 3 spell levels left.
You knew the following spells:

 Your Spells              Type           Power        Failure   Level  Hunger
a - Corona                Hex            ##.....      6%          1    #......
b - Ensorcelled Hibernat  Hex/Ice        #.....       17%         2    ##.....


Dungeon Overview and Level Annotations

Branches:
Dungeon (2/15)

Altars:
Dithmenos
Kikubaaqudgha
Sif Muna
Vehumet
Zin

Annotations:
D:2 Jessica


Innate Abilities, Weirdness & Mutations

You are very small and have problems with some larger weapons.
You are too small for most types of armour.
You have supernaturally acute eyesight. (SInv)
You are a herbivore.
You cover ground extremely quickly.
You need consume almost no food.


Message History

Jessica is too close now for your liking.
Jessica shouts!
You hear a shout!
Jessica hits you with a dagger of venom.
You are poisoned.
A goblin comes into view. It is wielding a club.
Casting: Ensorcelled Hibernation
Confirm with . or Enter, or press ? or * to list all spells.
Aiming: Ensorcelled Hibernation
Press: ? - help, Shift-Dir - straight line, f - Jessica
Aim: Jessica, wielding a dagger of venom and wearing a robe (chance to defeat MR: 48%) Jessica resists with some effort.
You feel sick.
Jessica hits you with a dagger of venom.
You are more poisoned.
You hit Jessica.
Jessica is lightly wounded.
* * * LOW HITPOINT WARNING * * *
You feel sick. Jessica gestures at you while chanting.
Pain shoots through your body!
You die...

##.##...###..<.........
#..†...# #(...........
##...#####............
#...## #.........####
###..# #.#.<.#####
##.###.#......#
#..#.......#..
######.........##.#
#....@.........##..##
#...@..........###..##
#........#.......##...
#.......##....>.......
#..r....##.....##.....
#.......##.....###...>
#......g##.....####...
#.......#########.....
###...#...


You could see Jessica, a goblin and a rat.

Vanquished Creatures
  A worm (D:2)
  A dart slug (D:1)
  2 ball pythons
  2 giant cockroaches (D:1)
  A goblin (D:2)
  3 hobgoblins (D:1)
  4 kobolds
  A quokka (D:2)
  2 bats
  A frilled lizard (D:2)
  3 rats
21 creatures vanquished.

Notes
Turn   | Place    | Note
-------+----------+-------------------------------------------
     0 | D:1      | Patate the Spriggan Enchanter began the quest for the Orb.
     0 | D:1      | Reached XP level 1. HP: 9/9 MP: 5/5
   534 | D:1      | Reached skill level 5 in Stealth
   841 | D:1      | Reached XP level 2. HP: 13/13 MP: 6/6
   903 | D:1      | Learned a level 2 spell: Ensorcelled Hibernation
  1336 | D:2      | Noticed Jessica
  1618 | D:2      | Reached skill level 6 in Stealth
  1647 | D:2      | Found a radiant altar of Vehumet.
  1657 | D:2      | Found an ancient bone altar of Kikubaaqudgha.
  1658 | D:2      | Found a deep blue altar of Sif Muna.
  1661 | D:2      | Identified Sif Muna's Handbook of Transmutation
  1727 | D:2      | Found a shadowy altar of Dithmenos.
  1825 | D:2      | Found a glowing silver altar of Zin.
  1870 | D:2      | Killed from afar by Jessica

Vault maps used:
D:1:      minmay_arrival_four_loops
D:2:      grunt_temple_overflow_magic_moments, old_standard_altar, first_bread,
          nicolae_dithmenos_through_a_glass_darkly, uniq_jessica

Skill      XL: |  1  2 |
---------------+-------+-----
Stealth        | 5 6 |  6.3
Short Blades   | |  1.1
Dodging        | |  3.0
Spellcasting   | |  2.6
Hexes          | |  3.6

Action                   || total
-------------------------++-------
Melee: Dagger            ||    74
 Cast: Ensorcelled Hiber ||     9
 Stab: Sleeping          ||    12
Armor: Robe              ||     4
Dodge: Dodged            ||    39
